 Dungeon Crawl Stone Soup version 0.29-a0-837-g174bc33265 (webtiles) character file.

Game seed: 10069703817069739794

3788 Ijustatesigmund the Arsonist (level 10, -2/81 HPs)
             Began as a Hill Orc Fire Elementalist on July 13, 2022.
             Killed by divine providence
             ... invoked by an orc priest
              (14 damage)
             ... on level 9 of the Dungeon.
             The game lasted 00:27:13 (12559 turns).

Ijustatesigmund the Arsonist (HOFE)                Turns: 12559, Time: 00:27:15

Health: -2/81      AC:  8    Str: 11    XL:     10   Next: 16%
Magic:  1/15       EV: 15    Int: 18    God:
Gold:   168        SH:  5    Dex: 15    Spells: 5/16 levels left

rFire   . . .      SeeInvis +   c - +1 war axe
rCold   . . .      Faith    .   (no shield)
rNeg    . . .      Spirit   .   a - +0 leather armour
rPois   .          Reflect  +   m - +2 hat
rElec   .          Harm     .   (no cloak)
rCorr   .          Rampage  .   (no gloves)
Will    .....                   q - +2 pair of boots
Stlth   ++........              j - amulet of reflection
HPRegen 0.23/turn               h - ring of see invisible
MPRegen 0.14/turn               u - +4 ring of evasion

@: mighty
A: talons 1, agile 1, sense surroundings 1
a: Convert to Beogh


You were on level 9 of the Dungeon.
You visited 1 branch of the dungeon, and saw 10 of its levels.

You collected 398 gold pieces.
You spent 230 gold pieces at shops.

Inventory:

Hand Weapons
 c - a +1 war axe (weapon)
 e - a +2 flail of holy wrath
 p - a +3 short sword of venom
Missiles
 g - a throwing net
Armour
 a - a +0 leather armour (worn)
 m - a +2 hat (worn)
 q - a +2 pair of boots (worn)
Jewellery
 h - a ring of see invisible (left hand)
 j - an amulet of reflection (around neck)
 n - a ring of protection from fire
 u - a +4 ring of evasion (right hand)
 v - a ring of fire
 B - a ring of magical power
Wands
 x - a wand of flame (33)
 y - a wand of paralysis (16)
Scrolls
 k - 2 scrolls of teleportation
 o - a scroll of amnesia
 A - a scroll of fog
 C - 3 scrolls of identify
Potions
 b - a potion of magic
 d - a potion of resistance
 i - a potion of brilliance
 l - a potion of mutation
 r - a potion of curing
 s - 2 potions of flight
 w - a potion of attraction
 z - a potion of invisibility


   Skills:
 - Level 5.0 Fighting
 + Level 7.5 Axes
 - Level 2.0 Armour
 - Level 1.5 Dodging
 - Level 1.5 Stealth
 - Level 3.7 Spellcasting
 + Level 7.9 Conjurations
 + Level 9.4 Fire Magic


You had 5 spell levels left.
You knew the following spells:

 Your Spells              Type           Power      Damage    Failure   Level
a - Foxfire               Conj/Fire      100%       2x1d9     1%          1
b - Scorch                Fire           74%        2d9       1%          2
c - Flame Wave            Conj/Fire      34%        2d8       5%          4
d - Sticky Flame          Conj/Fire      34%        2d5       5%          4

Your spell library contained the following spells:

 Spells                   Type           Power      Damage    Failure   Level
 Conjure Flame            Conj/Fire      34%        6-21      1%          3
 Shock                    Conj/Air       68%        1d7       4%          1
 Static Discharge         Conj/Air       17%        3-6/arc   6%          2
 Inner Flame              Hex/Fire       20%        N/A       9%          3
 Gell's Gravitas          Tloc           3%         N/A       52%         3
 Lesser Beckoning         Tloc           3%         N/A       52%         3
 Portal Projectile        Hex/Tloc       6%         N/A       52%         3
 Swiftness                Air            3%         N/A       52%         3
 Teleport Other           Tloc           3%         N/A       52%         3
 Tukima's Dance           Hex            3%         N/A       52%         3
 Airstrike                Air            1%         0-2+      89%         4
 Animate Dead             Necr           3%         N/A       89%         4
 Dispel Undead            Necr           3%         3d7       89%         4
 Blade Hands              Tmut           1%         N/A       99%         5
 Dispersal                Tloc           1%         N/A       100%        6
 Haunt                    Necr/Summ      1%         N/A       100%        7
 Infestation              Necr           1%         N/A       100%        8


Dungeon Overview and Level Annotations

Branches:
Dungeon (10/15)            Temple (0/1) D:5
   Lair: D:8-11         Orc: D:9-12

Altars:
Dithmenos
Hepliaklqana
Xom
Yredelemnul
The Shining One

Shops:
D:4 ?

Annotations:
D:4 2 transporters, Edmund
D:9 2 runed translucent doors


Innate Abilities, Weirdness & Mutations

You have sharp toenails.
You are agile. (Dex +4, Str/Int -1)
You passively map a small area around you.


Message History

Confirm with . or Enter, or press ? or * to list all spells.
Flames lash the orc warrior.
The orc warrior is heavily wounded.
The orc warrior's fire resistance burns away.
You hear a shout! x2
The orc warrior hits you from afar with a +0 halberd!
The orc warrior hits you from afar with a +0 halberd!
* * * LOW HITPOINT WARNING * * *
Casting: Scorch (safe; 1% risk of failure)
Confirm with . or Enter, or press ? or * to list all spells.
Flames lash the orc warrior but do no damage.
You block the orc warrior's attack.
The orc warrior hits you but does no damage.
Casting: Scorch (safe; 1% risk of failure)
Confirm with . or Enter, or press ? or * to list all spells.
Flames lash the orc warrior.
The orc warrior is burned terribly!
The orc warrior is severely wounded.
The orc warrior misses you. You block the orc warrior's attack.
Casting: Scorch (safe; 1% risk of failure)
Confirm with . or Enter, or press ? or * to list all spells.
Flames lash the orc warrior.
The orc warrior is burned terribly!
The orc warrior is almost dead.
You block the orc warrior's attack.
The orc warrior hits you from afar with a +0 halberd!
* * * LOW HITPOINT WARNING * * *
Casting: Scorch (safe; 1% risk of failure)
Confirm with . or Enter, or press ? or * to list all spells.
Flames lash the orc warrior.
The orc warrior is burned terribly!
You kill the orc warrior!
An orc priest comes into view. It is wielding a +0 trident.
The orc priest misses you.
Casting: Scorch (safe; 1% risk of failure)
Confirm with . or Enter, or press ? or * to list all spells.
Flames lash the orc priest.
The orc priest is moderately wounded.
The orc priest's fire resistance burns away.
The orc priest calls down the wrath of Beogh upon you.
Beogh smites you!
You die...

, , ## ,* #######
#.# * .....># #.#
* # #####.# #.#
*.# .# #.# #.#
####. .# #.# #.#
... *, .# #.####.#
#.# * * *
.#*##......### #@#
.##..........###.#
.##.[$.........o.#
.#8.8#.......#####
.#...#.......#
##8.8###.....#
≈≈.o. ##....# ,,
≈≈8. ##...# , * *
≈ #...# ** * ,,


You could see an orc priest (combustible).

Vanquished Creatures
  Joseph (D:6)
  Grinder (D:4)
  Sigmund (D:5)
  A vampire (D:8)
  A shadow (D:9)
  2 wyverns
  A yak (D:10)
  A vampire mosquito (D:9)
  2 water moccasins
  Duvessa (D:6)
  3 orc warriors
  A sky beast (D:7)
  A black bear (D:7)
  2 centaurs
  2 kobold brigands (D:8)
  3 bullfrogs
  3 necrophages
  2 scorpions (D:4)
  Dowan (D:6)
  4 hounds
  A gnoll bouda (D:7)
  3 orc priests
  2 iguanas
  An orc wizard (D:5)
  9 gnolls
  9 adders
  A white imp (D:6)
  An ufetubus (D:6)
  A worm (D:2)
  2 dart slugs
  16 orcs
  4 ball pythons
  4 endoplasms
  2 giant cockroaches
  4 goblins (D:4)
  11 hobgoblins
  10 jackals
  3 quokkas
  6 bats
  3 frilled lizards
  15 kobolds
  4 rats
146 creatures vanquished.

Vanquished Creatures (others)
  214 foxfires
  A plant (D:4)
215 creatures vanquished.

Grand Total: 361 creatures vanquished

Notes
Turn   | Place    | Note
-------+----------+-------------------------------------------
     0 | D:1      | Ijustatesigmund the Hill Orc Fire Elementalist began the
                  | quest for the Orb.
     0 | D:1      | Reached XP level 1. HP: 14/14 MP: 3/3
   187 | D:1      | Found a faded altar of an unknown god.
   421 | D:1      | Reached XP level 2. HP: 22/22 MP: 1/4
   424 | D:1      | Learned a level 2 spell: Scorch
   471 | D:1      | Reached skill level 1 in Fighting
   915 | D:1      | Reached XP level 3. HP: 21/28 MP: 5/5
  1311 | D:2      | Reached skill level 4 in Fire Magic
  1612 | D:2      | Reached XP level 4. HP: 28/36 MP: 6/6
  3033 | D:4      | Reached XP level 5. HP: 44/44 MP: 7/7
  3044 | D:4      | Found a transporter.
  3050 | D:4      | Learned a level 4 spell: Flame Wave
  3052 | D:4      | Noticed an ice beast
  3061 | D:4      | Found Lobymoc's Magic Scroll Boutique.
  3061 | D:4      | Noticed Grinder
  3075 | D:4      | Paralysed by Grinder for 3 turns
  3084 | D:4      | Killed Grinder
  3085 | D:4      | Reached skill level 5 in Fire Magic
  3085 | D:4      | Reached XP level 6. HP: 20/52 MP: 3/8
  3282 | D:4      | Bought a scroll of blinking for 75 gold pieces
  3800 | D:4      | Found a shimmering altar of Xom.
  3800 | D:4      | Found a shimmering altar of Xom.
  3800 | D:4      | Found a shimmering altar of Xom.
  3800 | D:4      | Found a shimmering altar of Xom.
  3800 | D:4      | Found a shimmering altar of Xom.
  3800 | D:4      | Found a shimmering altar of Xom.
  3800 | D:4      | Found a shimmering altar of Xom.
  3803 | D:4      | Found a shimmering altar of Xom.
  3803 | D:4      | Found a shimmering altar of Xom.
  3815 | D:4      | Identified the +11 spear "Keleh" {spect, Contam rPois
                  | Dex+3}
  4007 | D:4      | Found a shadowy altar of Dithmenos.
  4018 | D:4      | Noticed a water moccasin
  4039 | D:4      | Killed a water moccasin
  4040 | D:4      | Reached XP level 7. HP: 18/60 MP: 2/9
  4050 | D:4      | Found a transporter.
  4259 | D:4      | Found a basalt altar of Yredelemnul.
  4521 | D:4      | Reached skill level 5 in Fighting
  4818 | D:4      | Noticed Edmund
  4836 | D:4      | Gained mutation: You have sharp toenails. [potion of
                  | mutation]
  4836 | D:4      | Gained mutation: You passively map a small area around you.
                  | [potion of mutation]
  4836 | D:4      | Gained mutation: You are agile. (Dex +4, Str/Int -1)
                  | [potion of mutation]
  4838 | D:4      | HP: 4/91 [Edmund/+2 dire flail of holy wrath (12)]
  5140 | D:5      | Entered Level 5 of the Dungeon
  5170 | D:5      | Found a staircase to the Ecumenical Temple.
  5475 | D:5      | Reached skill level 6 in Fire Magic
  5658 | D:5      | Reached skill level 1 in Armour
  5755 | D:5      | Noticed Sigmund
  6367 | D:5      | Reached XP level 8. HP: 68/68 MP: 2/11
  7422 | D:5      | Killed Sigmund
  7423 | D:5      | Reached skill level 5 in Conjurations
  7913 | D:6      | Reached skill level 1 in Axes
  8322 | D:6      | Identified the +5 sling of Uncertain Death {flame, +Blink
                  | rC+ Will-}
  8332 | D:6      | Reached skill level 7 in Fire Magic
  8358 | D:6      | Noticed Dowan
  8408 | D:6      | Noticed Duvessa
  8418 | D:6      | Killed Duvessa
  8425 | D:6      | Killed Dowan
  8787 | D:7      | Paralysed by an orc for 4 turns
  9125 | D:7      | Noticed Joseph
  9447 | D:6      | Killed Joseph
  9448 | D:6      | Reached XP level 9. HP: 8/74 MP: 0/14
  9900 | D:4      | Bought a scroll of enchant weapon for 75 gold pieces
  9900 | D:4      | Bought a scroll of identify for 20 gold pieces
  9900 | D:4      | Bought a scroll of teleportation for 30 gold pieces
  9900 | D:4      | Bought a scroll of teleportation for 30 gold pieces
 10363 | D:7      | Reached skill level 8 in Fire Magic
 10547 | D:7      | Reached skill level 5 in Axes
 10936 | D:7      | Learned a level 4 spell: Sticky Flame
 10974 | D:8      | Found a glowing golden altar of the Shining One.
 11020 | D:8      | Found a hazy altar of Hepliaklqana.
 12046 | D:8      | Noticed a two-headed ogre
 12281 | D:9      | Found a runed translucent door.
 12282 | D:9      | Noticed an ice dragon
 12284 | D:9      | Noticed a fire dragon
 12285 | D:9      | Found the +2 shield of Resistance {rF++ rC++ Will++}
 12285 | D:9      | Noticed a fire dragon
 12288 | D:9      | Noticed an ice dragon
 12298 | D:9      | Found a runed translucent door.
 12335 | D:9      | Reached skill level 9 in Fire Magic
 12357 | D:9      | Reached XP level 10. HP: 55/81 MP: 7/15
 12376 | D:10     | Entered Level 10 of the Dungeon
 12559 | D:9      | Killed from afar by an orc priest

Illustrated notes

Levels and vault maps discovered:
D:1:      lemuel_arrival_funnel, layout_basic,
          dreamdust_ecumenical_altar_hidden_monk_grotto
D:2:      layout_loops_corners
D:3:      layout_basic, fedhas_altar_1
D:4:      layout_layer_cave, xom_redecorated, nicolae_overflow_crystal_walls,
          gammafunk_temple_overflow_arena, serial_shops, shop_statue,
          supply_closet_lemuel, serial_park_tiny_pond, corexii_shack,
          uniq_grinder, uniq_edmund
D:5:      layout_layer_cave, minmay_temple_entry_offerings, uniq_sigmund
D:6:      layout_cave_pools, corexii_checkpoint_a, uniq_duvessa
D:7:      layout_basic, uniq_joseph
D:8:      wad_crossroads, layout_gridville, mainiacjoe_overflow_large_starburst,
          tgw_trog, okawaru_altar_gauntlet_db
D:9:      layout_basic, kennysheep_orc_sif_temple, david_orc_5,
          minmay_guarded_unrand_resistance
D:10:     minmay_blocky_corners, layout_cave_pools,
          nicolae_elyvilon_temple_path, serial_shops, shop,
          kennysheep_generic_room_3

Skill      XL: |  1  2  3  4  5  6  7  8  9 |
---------------+----------------------------+-----
Fighting       | 1 2 4 5 |  5.0
Conjurations   | 2 3 4 6 7 |  7.9
Fire Magic     | 4 5 6 7 9 |  9.4
Armour         | 2 |  2.0
Spellcasting   | 2 3 |  3.7
Axes           | 4 7 |  7.5
Dodging        | |  1.5
Stealth        | |  1.5

Action                   |  1- 3 |  4- 6 |  7- 9 | 10-12 || total
-------------------------+-------+-------+-------+-------++-------
Melee: Short sword       |    54 |    53 |    45 |       ||   152
       Punch             |     1 |       |     5 |       ||     6
       War axe           |       |       |    88 |     8 ||    96
       Flail             |       |       |     7 |       ||     7
 Cast: Foxfire           |    22 |    28 |    69 |       ||   119
       Scorch            |     1 |    16 |    89 |    13 ||   119
Evoke: Wand              |       |       |    10 |     5 ||    15
  Use: Scroll            |       |     7 |    17 |     1 ||    25
       Potion            |       |     4 |     7 |     2 ||    13
 Stab: Sleeping          |     3 |     2 |     2 |       ||     7
       Paralysed         |       |       |       |     6 ||     6
Armor: Robe              |     9 |    16 |    17 |       ||    42
       Leather armour    |       |       |    43 |     9 ||    52
Dodge: Dodged            |    34 |    56 |   190 |    14 ||   294
Block: Other             |     1 |    22 |    69 |     9 ||   101
       Reflection        |       |       |     4 |       ||     4

Table legend: (Time is in decaauts)
 A = Elapsed time spent in this place.
 B = Non-inter-level travel time spent in this place.
 C = Inter-level travel time spent in this place.
 D = Time resting spent in this place.
 E = Time spent auto-exploring this place.
 F = Levels seen in this place.
 G = Mean time per level.
                   A        B        C        D        E       F      G
               +--------+--------+--------+--------+--------+-----+--------+
         Total |  12615 |  12162 |    453 |   5016 |   5626 |  10 | 1261.5 |
       Dungeon |  12615 |  12162 |    453 |   5016 |   5626 |  10 | 1261.5 |
               +--------+--------+--------+--------+--------+-----+--------+

Top non-repeatable levels by time:
     D:4: 2616 daAuts
     D:5: 2147 daAuts
     D:6: 1792 daAuts
     D:7: 1715 daAuts
     D:2: 1366 daAuts
     D:1: 1108 daAuts
     D:8: 756 daAuts
     D:3: 630 daAuts
     D:9: 369 daAuts
    D:10: 112 daAuts
